 Dungeon Crawl Stone Soup version 0.15.1-1-gfacfea3 (webtiles) character file.

81 bwiles81 the Sneak (level 4, 0/21 HPs)
             Began as a Spriggan Enchanter on Sept 25, 2014.
             Succumbed to a kobold's poison
             ... on Level 2 of the Dungeon.
             The game lasted 00:06:13 (1936 turns).

bwiles81 the Sneak (Spriggan Enchanter)             Turns: 1936, Time: 00:06:13

HP   0/21        AC  4     Str  5      XL: 4   Next: 20%
MP   7/12        EV 18     Int 16      God:
Gold 98          SH  0     Dex 16      Spells:  2 memorised,  5 levels left

rFire  . . .     SeeInvis +     j - +0 dagger (venom)
rCold  . . .     Clarity  .     b - +2 robe
rNeg   . . .     rCorr    .     (shield restricted)
rPois  .         rRot     .     (helmet restricted)
rElec  .         Spirit   .     (no cloak)
SustAb .         Warding  .     (gloves unavailable)
rMut   .         Stasis   .     (boots unavailable)
Gourm  .                        (no amulet)
MR     .....                    (no ring)
                                (no ring)

@: lethally poisoned, very slightly contaminated, very quick, not resistant to
hostile enchantments, stealthy
A: unfitting armour, see invisible, herbivore 3, speed 3, slow metabolism 2
a: no special abilities


You were on level 2 of the Dungeon.
You were not hungry.

You visited 1 branch of the dungeon, and saw 2 of its levels.

You collected 98 gold pieces.

Inventory:

Hand weapons
 a - a +1 dagger
 j - a +0 dagger of venom (weapon)
Armour
 b - a +2 robe (worn)
Comestibles
 f - a slice of pizza
 g - 3 fruits
 i - a bread ration
Scrolls
 e - a scroll of magic mapping
Potions
 d - a potion of porridge
Books
 c - a book of Maledictions

   Spells                             Type                      Level
   *Corona                            Hexes                        1
   Sure Blade                         Hexes/Charms                 2
   *Ensorcelled Hibernation           Hexes/Ice                    2
   Confuse                            Hexes                        3
   Dazzling Spray                     Conjuration/Hexes            3
   Enslavement                        Hexes                        4


   Skills:
 + Level 2.8 Short Blades
 - Level 3.0 Dodging
 + Level 6.7 Stealth
 - Level 2.6 Spellcasting
 - Level 3.6 Hexes


You had 5 spell levels left.
You knew the following spells:

 Your Spells              Type           Power        Failure   Level  Hunger
a - Corona                Hex            ##.....      6%          1    #......
b - Ensorcelled Hibernat  Hex/Ice        #.....       17%         2    ##.....


Dungeon Overview and Level Annotations

Branches:
Dungeon (2/15)

Altars:


Innate Abilities, Weirdness & Mutations

You are tiny and cannot use many weapons and most armour.
You have supernaturally acute eyesight.
You are a herbivore.
You cover ground extremely quickly.
You need consume almost no food.


Message History

As you read the scroll labeled VEGHOM YXTIRPH, it crumbles to dust.
You feel blessed for a moment.
It was a scroll of remove curse.
* * * LOW HITPOINT WARNING * * *
You feel sick.
There is a stone staircase leading down here.
* * * LOW HITPOINT WARNING * * *
You feel sick.
You open the door.
* * * LOW HITPOINT WARNING * * *
You feel sick.
* * * LOW HITPOINT WARNING * * *
You feel sick.
There is an open door here.
* * * LOW HITPOINT WARNING * * *
You feel sick.
* * * LOW HITPOINT WARNING * * *
You feel sick.
* * * LOW HITPOINT WARNING * * *
You feel sick.
You die...

############ #....##....#
*******
#....##....##########**,,,,,,
#..>.'......@........,+,,,,,,
#.%..##....#####.####**,,,,,,
#....####### *#,#*** *,,,,,,
#....# #.....# *,,,,,,
#....###### #.#.#.# *,,,,,,
#.........# #.#...##*,,,,,,
###+#.....# #......#*,,,,,,
**#.#.....#####......#*,,,,,,
*.........'...#......#*,,,,,,


There were no monsters in sight!

Vanquished Creatures
  Terence (D:2)
  An adder (D:2)
  3 worms (D:2)
  3 giant geckos
  4 hobgoblins
  5 bats
  A giant cockroach (D:1)
  4 giant newts
  2 goblins (D:1)
  9 jackals
  5 kobolds
  A quokka (D:2)
  4 rats (D:2)
43 creatures vanquished.

Notes
Turn   | Place    | Note
--------------------------------------------------------------
     0 | D:1      | bwiles81, the Spriggan Enchanter, began the quest for the Orb.
     0 | D:1      | Reached XP level 1. HP: 9/9 MP: 4/4
   164 | D:1      | Reached skill level 5 in Stealth
   189 | D:1      | Reached XP level 2. HP: 4/13 MP: 7/7
   193 | D:1      | Learned a level 2 spell: Ensorcelled Hibernation
  1115 | D:2      | Reached skill level 6 in Stealth
  1115 | D:2      | Reached XP level 3. HP: 8/16 MP: 6/9
  1678 | D:2      | Noticed Terence
  1883 | D:2      | Killed Terence
  1883 | D:2      | Reached XP level 4. HP: 21/21 MP: 6/12
  1932 | D:2      | HP: 1/21 [poisoned by a kobold]
  1936 | D:2      | Succumbed to a kobold's poison

Action                   |  1- 3 |  4- 6 || total
-------------------------+-------+-------++-------
Melee: Dagger            |   115 |     9 ||   124
 Cast: Ensorcelled Hiber |    16 |     1 ||    17
  Use: Scroll            |     5 |     1 ||     6
 Stab: Sleeping          |    20 |     1 ||    21
       Distracted        |     1 |       ||     1
